 Dungeon Crawl Stone Soup version 0.16-a0-3338-g714714c (webtiles) character file.

1612 sprout the Cleaver (level 8, 0/71 HPs)
             Began as a Hill Orc Fighter on Dec 28, 2014.
             Was a Believer of Okawaru.
             Slain by Pikel
             ... wielding a +2 whip of electrocution
              (5 damage)
             ... on level 7 of the Dungeon.
             The game lasted 00:22:43 (4429 turns).

sprout the Cleaver (Hill Orc Fighter)               Turns: 4429, Time: 00:22:43

Health: 0/71       AC: 20    Str: 20    XL:     8   Next: 95%
Magic:  8/8        EV:  6    Int:  8    God:    Okawaru [**....]
Gold:   365        SH:  0    Dex: 11    Spells: 0 memorised, 7 levels left

rFire  . . .     SeeInvis .     a - +0 war axe
rCold  + . .     Clarity  .     x - +0 plate armour
rNeg   . . .     SustAb   .     (no shield)
rPois  .         Gourm    .     (no helmet)
rElec  .         Spirit   .     (no cloak)
rCorr  .         Warding  .     (no gloves)
rMut   .         Stasis   .     j - +2 pair of boots
MR     .....                    (no amulet)
Stlth  ..........               v - ring of protection from cold
                                r - +5 ring of protection

@: not resistant to hostile enchantments, extremely unstealthy
A: no striking features
a: Heroism, Renounce Religion


You were on level 7 of the Dungeon.
You worshipped Okawaru.
Okawaru was pleased with you.
You were not hungry.

You visited 1 branch of the dungeon, and saw 7 of its levels.

You collected 365 gold pieces.

Inventory:

Hand weapons
 a - a +0 war axe (weapon)
 n - a +3 dagger of electrocution
Armour
 c - a +0 shield
 j - a +2 pair of boots (worn)
 x - a +0 plate armour (worn)
Jewellery
 r - a +5 ring of protection (left hand)
 v - a ring of protection from cold (right hand)
 y - an uncursed ring of teleport control {unknown}
 C - an uncursed ring of magical power {unknown}
Magical devices
 b - a wand of enslavement (10)
 f - a wand of slowing (29)
Scrolls
 e - a scroll of amnesia
 i - a scroll of recharging
 s - 2 scrolls of remove curse
 u - 3 scrolls of blinking
 A - a scroll of magic mapping
 B - 2 scrolls of identify
 D - a scroll of enchant armour {unknown}
 E - a scroll of acquirement {unknown}
Potions
 g - 2 potions of heal wounds {unknown}
 h - 3 potions of agility {unknown}
 k - 2 potions of berserk rage {unknown}
 m - 3 potions of curing
 q - a potion of degeneration {unknown}
 t - a potion of cancellation
 z - 2 potions of poison {unknown}
 G - a potion of lignification {unknown}
 H - a potion of beneficial mutation {unknown}
Books
 o - a book of Conjurations

   Spells                             Type                      Level
   a - Magic Dart                     Conjuration                  1
   b - Searing Ray                    Conjuration                  2
   c - Dazzling Spray                 Conjuration/Hexes            3
   d - Fulminant Prism                Conjuration/Hexes            4
   e - Iskenderun's Mystic Blast      Conjuration                  4
   f - Iskenderun's Battlesphere      Conjuration/Charms           5
 p - a book of Spatial Translocations

   Spells                             Type                      Level
   a - Apportation                    Translocation                1
   b - Blink                          Translocation                2
   c - Shroud of Golubria             Charms/Translocation         2
   d - Portal Projectile              Translocation                3
   e - Teleport Other                 Translocation                3
   f - Passage of Golubria            Translocation                4
 w - a book of Flames

   Spells                             Type                      Level
   a - Flame Tongue                   Conjuration/Fire             1
   b - Throw Flame                    Conjuration/Fire             2
   c - Conjure Flame                  Conjuration/Fire             3
   d - Inner Flame                    Hexes/Fire                   3
   e - Sticky Flame                   Conjuration/Fire             4
   f - Fireball                       Conjuration/Fire             5
 F - a book of Clouds

   Spells                             Type                      Level
   a - Mephitic Cloud                 Conjuration/Poison/Air       3
   b - Conjure Flame                  Conjuration/Fire             3
   c - Poisonous Cloud                Conjuration/Poison/Air       6
   d - Freezing Cloud                 Conjuration/Ice/Air          6
   e - Ring of Flames                 Charms/Fire                  7
Comestibles
 d - 3 meat rations
 l - 3 bread rations
 I - a royal jelly


   Skills:
 * Level 6.6 Fighting
 * Level 11.8 Axes
 + Level 1.3 Throwing
 + Level 5.2 Armour
 - Level 3.2 Shields


You had 7 spell levels left.
You didn't know any spells.

Dungeon Overview and Level Annotations

Branches:
Dungeon (7/15)
 Temple: D:4-7

Altars:
Dithmenos
Kikubaaqudgha
Okawaru
Qazlal
Yredelemnul
Zin
The Shining One

Annotations:
D:7 Pikel


Message History

You slash the slave!
The slave is moderately wounded.
Your plate armour prevents you from hitting Pikel.
You hit Pikel but do no damage. You barely miss Pikel.
Pikel closely misses you.
You hit Pikel.
Pikel is lightly wounded.
Pikel hits you but does no damage.
You closely miss Pikel.
Pikel is lightly wounded.
Pikel hits you but does no damage.
You are electrocuted!
* * * LOW HITPOINT WARNING * * *
You slash Pikel!
Pikel is moderately wounded.
Pikel hits you with a whip of electrocution.
* * * LOW HITPOINT WARNING * * *
You barely miss Pikel.
Pikel is moderately wounded.
Pikel hits you with a whip of electrocution.
You die...

... ... .. .... .... .
.....###.....
........#....
...........# ...........#
#...ppp..# #K# #@# #
#######.################
........................'
################......##
#......## #......##
#......## #........
#.......)


You could see Pikel and 3 slaves.

Vanquished Creatures
  Eustachio (D:6)
  The ghost of Econoterrorist the Changer, an average NaTm (D:3)
  A slave (D:7)
  A phantom (D:4)
  2 ice beasts
  A sky beast (D:6)
  An ogre (D:7)
  Sigmund (D:4)
  3 killer bees (D:7)
  A scorpion (D:4)
  3 wights (D:6)
  A jelly (D:7)
  A hound (D:6)
  5 worker ants
  Natasha (twice) (D:6)
  A hound skeleton (D:4)
  7 adders
  13 gnolls
  3 worms
  7 giant geckos
  4 orcs
  A bat zombie (D:6)
  5 giant cockroaches
  13 hobgoblins
  13 kobolds
  4 quokkas
  10 bats
  A giant gecko skeleton (D:4)
  6 giant newts
  7 goblins
  2 jackal skeletons
  9 rats
131 creatures vanquished.

Notes
Turn   | Place    | Note
--------------------------------------------------------------
     0 | D:1      | sprout, the Hill Orc Fighter, began the quest for the Orb.
     0 | D:1      | Reached XP level 1. HP: 19/19 MP: 1/1
   112 | D:1      | Reached XP level 2. HP: 13/26 MP: 2/2
   374 | D:1      | Reached skill level 4 in Axes
   695 | D:2      | Reached XP level 3. HP: 31/31 MP: 3/3
   786 | D:2      | Reached skill level 5 in Axes
   815 | D:2      | Found an ancient bone altar of Kikubaaqudgha.
   952 | D:2      | Found a stormy altar of Qazlal.
  1136 | D:3      | Reached XP level 4. HP: 33/39 MP: 4/4
  1239 | D:3      | Noticed Econoterrorist's ghost (average NaTm)
  1252 | D:3      | Killed Econoterrorist's ghost
  1252 | D:3      | Reached skill level 7 in Axes
  1252 | D:3      | Reached XP level 5. HP: 15/45 MP: 5/5
  1410 | D:3      | Found a glowing silver altar of Zin.
  1455 | D:3      | Reached skill level 8 in Axes
  1455 | D:3      | Reached XP level 6. HP: 35/51 MP: 6/6
  1706 | D:4      | Found an iron altar of Okawaru.
  1713 | D:4      | Became a worshipper of Warmaster Okawaru
  1833 | D:4      | Noticed Sigmund
  1838 | D:4      | Killed Sigmund
  1838 | D:4      | Reached skill level 9 in Axes
  1942 | D:4      | Reached skill level 10 in Axes
  1942 | D:4      | Reached XP level 7. HP: 53/57 MP: 7/7
  2152 | D:4      | Acquired Okawaru's first power
  2332 | D:5      | Entered Level 5 of the Dungeon
  2596 | D:5      | Found a basalt altar of Yredelemnul.
  2883 | D:5      | Found a shadowy altar of Dithmenos.
  2956 | D:5      | Reached XP level 8. HP: 60/67 MP: 8/8
  3097 | D:5      | Reached skill level 5 in Fighting
  3422 | D:6      | Reached skill level 11 in Axes
  3687 | D:6      | Noticed Eustachio
  3710 | D:6      | Killed Eustachio
  3747 | D:6      | Got a translucent long sword
  3748 | D:6      | Identified the cursed +1 long sword of Accord {slice, rElec MR+} (You found it on level 6 of the Dungeon)
  3780 | D:6      | Noticed Natasha
  3789 | D:6      | Killed Natasha
  3918 | D:6      | Noticed Natasha
  3923 | D:6      | Killed Natasha
  4233 | D:7      | Reached skill level 5 in Armour
  4299 | D:7      | Reached skill level 1 in Throwing
  4347 | D:7      | Found a glowing golden altar of the Shining One.
  4413 | D:7      | Noticed Pikel
  4429 | D:7      | Slain by Pikel

Action                   |  1- 3 |  4- 6 |  7- 9 || total
-------------------------+-------+-------+-------++-------
Melee: War axe           |   108 |   100 |   261 ||   469
  Use: Scroll            |     4 |     5 |     4 ||    13
       Potion            |     1 |     3 |     1 ||     5
  Eat: Chunk             |     1 |     1 |     2 ||     4
       Meat ration       |       |     1 |       ||     1
       Bread ration      |       |       |     1 ||     1
       Pizza             |       |       |     1 ||     1
